 Dungeon Crawl Stone Soup version 0.29-a0-341-g24ffce5b50 (webtiles) character file.

Game seed: 1881244272232001627

2209 spaghetti the Summoner (level 9, 0/75 HPs)
             Began as a Naga Delver on Apr 20, 2022.
             Was an Initiate of Sif Muna.
             Slain by a bullfrog (4 damage)
             ... on level 7 of the Dungeon.
             The game lasted 00:15:12 (9908 turns).

spaghetti the Summoner (Naga Delver)                Turns: 9908, Time: 00:15:12

Health: 0/75       AC:  5    Str: 17    XL:     9   Next: 35%
Magic:  3/11       EV:  9    Int: 12    God:    Sif Muna [......]
Gold:   484        SH:  0    Dex: 13    Spells: 1/8 levels left

rFire   . . .      SeeInvis +   i - +0 dagger (elec) {short}
rCold   . . .      Faith    +   (no shield)
rNeg    . . .      Spirit   .   b - +1 leather armour
rPois   +          Reflect  .   (no helmet)
rElec   .          Harm     .   (no cloak)
rCorr   .          Rampage  .   (no gloves)
Will    .....                   (no barding)
Stlth   +++.......              y - amulet of faith {!P}
HPRegen 0.22/turn               (no ring)
MPRegen 0.12/turn               (no ring)

@: about to teleport, weak-willed, very slow
A: AC +3, large, see invisible, deformed body, poison resistance, slowness 2,
spit poison 1, naga tail 1
a: Spit Poison, Renounce Religion


You were on level 7 of the Dungeon.
You worshipped Sif Muna.
Sif Muna was noncommittal.
You visited 2 branches of the dungeon, and saw 8 of its levels.

You collected 484 gold pieces.


Innate Abilities, Weirdness & Mutations

Your serpentine skin is tough. (AC +3)
You have supernaturally acute eyesight. (SInv)
Armour fits poorly on your strangely shaped body.
Your system is resistant to poisons. (rPois)
You cover ground very slowly.
You can spit poison.
You have a snake-like lower body.


   Skills:
 - Level 3.0 Fighting
 - Level 3.7 Maces & Flails
 - Level 1.5 Dodging
 - Level 7.2 Stealth
 - Level 8.0 Summonings
 + Level 7.5 Earth Magic
 + Level 3.8 Invocations


You had one spell level left.
You knew the following spells:

 Your Spells              Type           Power      Damage    Failure   Level
a - Call Canine Familiar  Summ           19%        N/A       4%          3
b - Animate Armour        Summ/Erth      36%        N/A       17%         4

Your spell library contained the following spells:

 Spells                   Type           Power      Damage    Failure   Level
 Sandblast                Erth           36%        2d10      1%          1
 Passwall                 Tmut/Erth      7%         N/A       13%         2
 Stone Arrow              Conj/Erth      18%        3d8       26%         3
 Leda's Liquefaction      Hex/Erth       4%         N/A       65%         4
 Portal Projectile        Hex/Tloc       0%         N/A       77%         3
 Lehudib's Crystal Spear  Conj/Erth      4%         10d3      100%        8

Inventory:

Hand Weapons
 a - a +0 mace {mace}
 i - a +0 dagger of electrocution (weapon) {short}
   (You found it on level 5 of the Dungeon)
 t - a +2 dagger of flaming {short}
   (You found it on level 3 of the Dungeon)
Missiles
 e - 247 stones {throwing}
 k - 21 poisoned darts {throwing}
 s - 2 boomerangs {throwing}
 z - 6 atropa-tipped darts {throwing}
Armour
 b - a +1 leather armour (worn)
Jewellery
 y - an amulet of faith (around neck) {!P}
   (You found it on level 6 of the Dungeon)
Wands
 g - a wand of digging (3)
Scrolls
 c - 6 scrolls of fog
 d - a scroll of magic mapping {!r}
 f - a scroll of enchant armour
 j - 4 scrolls of identify {@r1}
 l - a scroll of amnesia
 n - a scroll of vulnerability {!r!r}
 q - a scroll of noise {!r}
 r - 2 scrolls of teleportation {@r4}
 v - 3 scrolls of torment {!r}
Potions
 o - 2 potions of resistance
 u - 2 potions of brilliance

Dungeon Overview and Level Annotations

Branches:
Dungeon (7/15)             Temple (1/1) D:6

Altars:
Ashenzari
Cheibriados
Dithmenos
Fedhas
Gozag
Hepliaklqana
Kikubaaqudgha
Makhleb
Nemelex Xobeh
Okawaru
Qazlal
Ru
Sif Muna
Trog
Uskayaw
Vehumet
Xom
Yredelemnul
Zin
The Shining One

Shops:
D:5 =(!   D:6 (

Annotations:
D:5 exclusion: door

#.# ####.### ...
#.....<# # ..
#.##.#.###.##.#. #
#.##.#..>...... ..
#.##.#.###.#.## .#
#.##.#.####..##...
#.......#.hn.l...#
#.##.#..#.@#.# #
##.##.....soFo###.#.#.
....####.##.##5o..o...
#l. ...##.##.##.####
#K# ######...).>.# #5#
####5#### #h# # )oo#
.#####[#.##### ...#
(.....<5...... .....


You could see a necrophage (weak-willed), a bullfrog (weak-willed, ally target),
a scorpion (weak-willed), an iguana, an orc wizard, a white imp (weak-willed), 2
orcs and a friendly hound (summoned, weak-willed).


Message History

The killer bee is poisoned.
You kill the killer bee!
Sif Muna accepts your kill.
Your hound barely misses the bullfrog.
The bullfrog hits you. 😮 HP[-4]
You take 4 damage, and now have 39/75 hp.
As you read the scroll of fear, it crumbles to dust.
You assume a fearsome visage.
The bullfrog looks frightened!
The scorpion looks frightened!
The orc wizard looks frightened!
The necrophage is unaffected.
Your hound misses the bullfrog. The bullfrog hits your hound.
Your hound bites the bullfrog.
Your hound's attack snaps the bullfrog out of its fear.
Unknown command.
Unknown command.
Unknown command.
You closely miss the bullfrog. The bullfrog hits you.
* * * LOW HITPOINT WARNING * * *
Your hound barely misses the bullfrog.
The bullfrog barely misses you. 😨 HP[-5]
You take 5 damage, and now have 34/75 hp.
You closely miss the bullfrog.
Your hound barely misses the bullfrog.
The bullfrog closely misses you.
Your hound closely misses the bullfrog.
You miss the bullfrog.
You have got your breath back.
The bullfrog closely misses you. The orc hits you with a +0 falchion.
* * * LOW HITPOINT WARNING * * *
Your hound bites the bullfrog.
Cornered, the scorpion turns to fight!
The bullfrog hits you.
* * * LOW HITPOINT WARNING * * *
😨 HP[-6]
You take 6 damage, and now have 28/75 hp.
You feel better.
Your hound completely misses the bullfrog.
The bullfrog hits you!
* * * LOW HITPOINT WARNING * * *
The orc hits you with a +0 falchion.
* * * LOW HITPOINT WARNING * * *
Your hound barely misses the bullfrog. 😨 HP[+1]
As you read the scroll labelled XUKUSO OJAH, it crumbles to dust.
It is a scroll of enchant armour.
Your +0 leather armour glows green for a moment.
The bullfrog hits you.
* * * LOW HITPOINT WARNING * * *
The orc misses you.
Your hound closely misses the bullfrog.
The bullfrog barely misses you. 😨 HP[-5] MP[+1]
You take 5 damage, and now have 24/75 hp.
As you read the scroll labelled SOATIOGAIC, it crumbles to dust.
It is a scroll of identify.
l - a scroll of amnesia Your hound bites the bullfrog.
The bullfrog hits you but does no damage.
The orc barely misses you.
Your hound bites the bullfrog.
As you read the scroll labelled NOKHOI ATHRONE, it crumbles to dust.
You hear a loud clanging noise!
It was a scroll of noise.
You hear an angry buzzing noise.
You hear a shout! x8
The bullfrog barely misses you. The orc hits you with a +0 falchion.
* * * LOW HITPOINT WARNING * * *
Your hound bites the bullfrog.
The bullfrog barely misses you.
Something shouts, "Slither away, thou ducking motley-minded clack-dish!" 😨 HP[-1]
You take 1 damage, and now have 23/75 hp.
As you read the scroll labelled FISISI IHYOLIOCS, it crumbles to dust.
Magic quickly surges around you.
It was a scroll of vulnerability.
Your hound barely misses the bullfrog.
The bullfrog hits you.
* * * LOW HITPOINT WARNING * * *
The orc hits you with a +0 falchion.
* * * LOW HITPOINT WARNING * * *
Your hound completely misses the bullfrog. 😱 HP[-5]
You take 5 damage, and now have 18/75 hp.
As you read the scroll labelled ERIACA LYTEIHE, it crumbles to dust.
Your body is wracked with pain!
* * * LOW HITPOINT WARNING * * *
The bullfrog convulses!
Your hound convulses!
The orc convulses!
The scorpion convulses!
It was a scroll of torment.
The bullfrog hits you but does no damage.
The orc hits you with a +0 falchion.
* * * LOW HITPOINT WARNING * * *
Your hound closely misses the bullfrog.
The bullfrog hits you.
* * * LOW HITPOINT WARNING * * *
😱 HP[-14]
You take 14 damage, and now have 4/75 hp.
Unknown command.
Unknown command.
Okay, then.
Okay, then.
Okay, then.
Okay, then.
An iguana comes into view.
The bullfrog misses you. The orc hits you but does no damage.
As you read the scroll of teleportation {@r4}, it crumbles to dust.
You feel strangely unstable. The bullfrog closely misses you.
The orc closely misses you. The orc barely misses you. The bullfrog hits you.
You die...

Skill      XL: |  1  2  3  4  5  6  7  8  9 |
---------------+----------------------------+-----
Maces & Flails | 3 |  3.7
Summonings     | 2 4 5 6 7 8 |  8.0
Earth Magic    | 6 7 |  7.5
Invocations    | 1 3 |  3.8
Fighting       | |  3.0
Dodging        | |  1.5
Stealth        | |  7.2

Action                   |  1- 3 |  4- 6 |  7- 9 || total
-------------------------+-------+-------+-------++-------
Melee: Mace              |     9 |     9 |       ||    18
       Dagger            |       |    31 |   334 ||   365
       Punch             |       |     1 |     2 ||     3
Throw: Stone             |       |     2 |     2 ||     4
 Cast: Call Canine Famil |       |    11 |    58 ||    69
       Animate Armour    |       |       |    11 ||    11
 Abil: Spit Poison       |     8 |    13 |    23 ||    44
  Use: Scroll            |     2 |       |     8 ||    10
       Potion            |     1 |     3 |    10 ||    14
 Stab: Invisible         |       |     1 |       ||     1
       Sleeping          |       |       |    10 ||    10
       Distracted        |       |       |     3 ||     3
Armor: Leather armour    |       |     4 |   118 ||   122
Dodge: Dodged            |    10 |    15 |   203 ||   228

Levels and vault maps discovered:
D:1:      mainiacjoe_arrival_reflecting_pool, layout_basic
D:2:      layout_basic, serial_forest, infiniplex_forest_lined_4_way,
          infiniplex_forest_end_2, infiniplex_forest_split,
          infiniplex_forest_lined_4_way, infiniplex_forest_lined_room_2,
          infiniplex_forest_lined_1, infiniplex_forest_end_3
D:3:      layout_loops_ring, uniq_terence
D:4:      layout_cave_pools, gup_sewer_entry_bubbles, minmay_misc_feat_columns,
          uniq_menkaure
D:5:      layout_gridville, mainiacjoe_overflow_concentric_impassable,
          chequers_temple_overflow_statue_of_worship, serial_shops,
          nicolae_shop_advertising_works [nicolae_subvault_shop_adworks],
          kennysheep_mini, nicolae_square_shop
D:6:      minmay_evil_eye, layout_loops_ring, temple_green, solitary_fountain,
          doesnt_shop_hydraphobe
D:7:      layout_loops_cross, enter_bailey_3, minmay_diced_spiral, uniq_maggie,
          uniq_pikel
Temple:   compressed_dpeg_circular_temple

Notes
Turn   | Place    | Note
-------+----------+-------------------------------------------
     0 | D:5      | spaghetti the Naga Delver began the quest for the Orb.
     0 | D:5      | Reached XP level 1. HP: 21/21 MP: 1/1
     0 | D:5      | magus.rc [v1.9.6]
    23 | D:5      | Noticed an iguana
    33 | D:5      | Killed an iguana
    34 | D:5      | Reached skill level 3 in Maces & Flails
    34 | D:5      | Reached XP level 2. HP: 28/28 MP: 2/2
    34 | D:5      | Reached XP level 3. HP: 34/34 MP: 3/3
   193 | D:6      | Noticed an ice beast
   456 | D:5      | You pick up a book of the Hunter and begin reading...
   456 | D:5      | You add the spells Call Canine Familiar, Portal Projectile
                  | and Leda's Liquefaction to your library.
   483 | D:5      | Noticed a scorpion
   490 | D:5      | Killed a scorpion
   491 | D:5      | Reached skill level 2 in Summonings
   491 | D:5      | Reached XP level 4. HP: 35/42 MP: 4/4
   578 | D:5      | Found a bloodstained altar of Trog.
   593 | D:5      | Found Resihellu's Distillery.
   594 | D:5      | Noticed a sky beast
   607 | D:5      | Killed a sky beast
   608 | D:5      | Reached skill level 4 in Summonings
   608 | D:5      | Reached XP level 5. HP: 32/49 MP: 5/5
   807 | D:5      | Learned a level 3 spell: Call Canine Familiar
   892 | D:5      | Found Keresenu's Weapon Emporium.
   922 | D:5      | Reached skill level 5 in Summonings
   922 | D:5      | Reached XP level 6. HP: 47/56 MP: 0/6
  1254 | D:5      | Found Hackef's Jewellery Shoppe.
  1703 | D:4      | Reached skill level 6 in Summonings
  1703 | D:4      | Reached XP level 7. HP: 31/62 MP: 4/7
  2166 | D:4      | Noticed Menkaure
  2182 | D:4      | Killed Menkaure
  2183 | D:4      | Reached skill level 7 in Summonings
  3081 | D:3      | Noticed Terence
  3088 | D:3      | Killed Terence
  5386 | D:2      | You pick up a book of Armaments and begin reading...
  5386 | D:2      | You add the spells Stone Arrow, Animate Armour and
                  | Lehudib's Crystal Spear to your library.
  6166 | D:3      | You pick up a book of Geomancy and begin reading...
  6166 | D:3      | You add the spells Sandblast and Passwall to your library.
  6567 | D:5      | Reached XP level 8. HP: 63/69 MP: 4/8
  6755 | D:5      | Reached skill level 8 in Summonings
  6755 | D:5      | Reached skill level 2 in Earth Magic
  7147 | D:6      | Reached skill level 3 in Earth Magic
  7323 | D:6      | Learned a level 4 spell: Animate Armour
  7326 | D:6      | Reached skill level 4 in Earth Magic
  7679 | D:6      | Reached skill level 5 in Earth Magic
  7842 | D:6      | Found Cigryadi's Hydra Hut.
  7983 | D:6      | Noticed a seven-headed hydra
  8161 | D:6      | Reached skill level 6 in Earth Magic
  8549 | D:6      | Found a staircase to the Ecumenical Temple.
  8556 | Temple   | Entered the Ecumenical Temple
  8656 | Temple   | Became a worshipper of Sif Muna the Loreminder
  8935 | D:7      | Noticed Pikel
  8953 | D:6      | Reached skill level 1 in Invocations
  8953 | D:6      | Reached XP level 9. HP: 20/75 MP: 3/9
  9348 | D:6      | HP: 12/75 [Pikel/+1 whip of freezing (10)]
  9352 | D:6      | Killed Pikel
  9353 | D:6      | Reached skill level 7 in Earth Magic
  9353 | D:6      | Reached skill level 3 in Invocations
  9905 | D:7      | HP: 18/75 [orc/+0 falchion (1)]
  9906 | D:7      | HP: 7/75 [orc/+0 falchion (3)]
  9908 | D:7      | Slain by a bullfrog

Vanquished Creatures
  Pikel (D:6)
  Menkaure (D:4)
  An ice beast (D:6)
  A black bear (D:5)
  A sky beast (D:5)
  3 scorpions
  2 killer bees
  A jelly (D:5)
  2 iguanas (D:5)
  Terence (D:3)
  2 orc wizards
  7 adders
  A white imp (D:5)
  2 ufetubi
  3 dart slugs
  4 orcs
  5 ball pythons
  3 endoplasms
  3 giant cockroaches
  4 goblins
  9 hobgoblins
  3 quokkas
  3 bats
  2 frilled lizards
  4 kobolds
  4 rats
73 creatures vanquished.

Vanquished Creatures (collateral kills)
  2 sky beasts (D:6)
  An ice beast (D:6)
  A lemure (D:6)
  A phantom (D:4)
  A necrophage (D:6)
  3 jellies
  A howler monkey (D:6)
  A hound (D:6)
  An orc priest (D:7)
  3 iguanas
  2 adders
  4 gnolls (D:6)
  A river rat (D:4)
  A white imp (D:6)
  A worm (D:4)
  2 dart slugs
  5 orcs
  5 endoplasms (D:4)
  2 giant cockroaches
  A goblin (D:3)
  3 hobgoblins
  A quokka (D:3)
  A ball python (D:4)
  A frilled lizard (D:1)
  A kobold (D:1)
  2 rats
48 creatures vanquished.

Vanquished Creatures (others)
  8 plants
8 creatures vanquished.

Grand Total: 129 creatures vanquished

Table legend:
 A = Non-vault XP
 B = Vault XP
 C = Vault XP percentage of total XP
 D = Non-vault monster count
 E = Vault monster count
 F = Vault count percentage of total count
                 A         B        C        D         E       F
            +---------+---------+-------+---------+---------+-------
      Total |    2097 |    1060 |  33.6 |     109 |      11 |   9.2
            +---------+---------+-------+---------+---------+-------
        D:1 |      39 |       0 |   0.0 |      21 |       0 |   0.0
        D:2 |      22 |       0 |   0.0 |      12 |       0 |   0.0
        D:3 |      95 |      36 |  27.5 |      19 |       1 |   5.0
        D:4 |     253 |     208 |  45.1 |      16 |       7 |  30.4
        D:5 |     687 |       0 |   0.0 |      19 |       0 |   0.0
        D:6 |     855 |     816 |  48.8 |      17 |       3 |  15.0
        D:7 |     146 |       0 |   0.0 |       5 |       0 |   0.0
            +---------+---------+-------+---------+---------+-------

Illustrated notes

Table legend:
 A = Kills in this place as a percentage of kills in entire the game.
 B = Kills by you in this place as a percentage of kills by you in the entire game.
 C = Kills by friends in this place as a percentage of kills by friends in the entire game.
 D = Other kills in this place as a percentage of other kills in the entire game.
 E = Experience gained in this place as a percentage of experience gained in the entire game.
 F = Experience gained in this place divided by the number of levels of this place that you have seen.
                   A       B       C       D       E      F
               +-------+-------+-------+-------+-------+----------------------
         Total | 100.0 | 100.0 | 100.0 |   N/A | 100.0 | 394.6
       Dungeon | 100.0 | 100.0 | 100.0 |   N/A | 100.0 | 451.0
               +-------+-------+-------+-------+-------+----------------------

Table legend: (Time is in decaauts)
 A = Elapsed time spent in this place.
 B = Non-inter-level travel time spent in this place.
 C = Inter-level travel time spent in this place.
 D = Time resting spent in this place.
 E = Time spent auto-exploring this place.
 F = Levels seen in this place.
 G = Mean time per level.
                   A        B        C        D        E       F      G
               +--------+--------+--------+--------+--------+-----+--------+
         Total |  11823 |  11270 |    553 |   1960 |   7765 |   8 | 1477.9 |
       Dungeon |  11663 |  11129 |    534 |   1960 |   7666 |   7 | 1666.1 |
        Temple |    159 |    140 |     19 |      0 |     99 |   1 |  159.0 |
               +--------+--------+--------+--------+--------+-----+--------+

Top non-repeatable levels by time:
     D:6: 3086 daAuts
     D:5: 2115 daAuts
     D:4: 1886 daAuts
     D:2: 1605 daAuts
     D:1: 1515 daAuts
     D:3: 1253 daAuts
     D:7: 200 daAuts
  Temple: 159 daAuts
